 Dungeon Crawl Stone Soup version 0.29.1-2-gbd0b4ee654 (webtiles) character file.

Game seed: 12810355137787469640

121 safid the Shooter (level 4, -5/41 HPs)
             Began as a Minotaur Hunter on Nov 30, 2022.
             Killed by nerve-wracking pain
             ... invoked by Jessica
              (13 damage)
             ... on level 3 of the Dungeon.
             The game lasted 00:03:05 (2033 turns).

safid the Shooter (Minotaur Hunter)                 Turns: 2033, Time: 00:03:05

Health: -5/41      AC:  3    Str: 16    XL:     4   Next: 77%
Magic:  3/3        EV: 12    Int:  6    God:
Gold:   70         SH:  0    Dex: 15    Spells: 3/3 levels left

rFire   . . .      SeeInvis .   a - +0 shortbow
rCold   . . .      Faith    .   (shield currently unavailable)
rNeg    . . .      Spirit   .   c - +0 leather armour
rPois   .          Reflect  .   (helmet restricted)
rElec   .          Harm     .   (no cloak)
rCorr   .          Rampage  .   (no gloves)
Will    .....                   (no boots)
Stlth   +.........              (no amulet)
HPRegen 0.13/turn               (no ring)
MPRegen 0.08/turn               (no ring)

@: no status effects
A: horns 2, retaliatory headbutt
a: no special abilities


You were on level 3 of the Dungeon.
You visited 1 branch of the dungeon, and saw 3 of its levels.

You collected 70 gold pieces.

Inventory:

Hand Weapons
 a - a +0 shortbow (weapon)
Armour
 c - a +0 leather armour (worn)
Jewellery
 i - a ring of fire
Scrolls
 b - a scroll of immolation
 d - a scroll of fear {unknown}
 e - a scroll of poison {unknown}
 f - a scroll of identify {unknown}
 g - a scroll of noise {unknown}
 h - a scroll of blinking {unknown}
 j - a scroll of teleportation {unknown}
 k - a scroll of amnesia {unknown}
Potions
 l - a potion of magic {unknown}
 m - a potion of berserk rage {unknown}


   Skills:
 + Level 4.6 Fighting
 + Level 5.7 Ranged Weapons
 - Level 2.1 Dodging
 - Level 0.7 Stealth


You had 3 spell levels left.
You didn't know any spells.
Your spell library was empty.

Dungeon Overview and Level Annotations

Branches:
Dungeon (3/15)

Altars:

Annotations:
D:3 Jessica, Sigmund


Innate Abilities, Weirdness & Mutations

You have a pair of horns on your head.
You reflexively headbutt those who attack you in melee.


Message History

Sigmund mumbles some strange words.
Sigmund flickers and vanishes!
Deactivating autopickup; reactivate with Ctrl-A.
Jessica gestures wildly while chanting.
Jessica blinks!
Jessica closely misses you. Jessica barely misses you.
Jessica barely misses you. Jessica hits you but does no damage.
Jessica closely misses you. You furiously retaliate!
You headbutt Jessica, but do no damage. Something hits you.
You shoot an arrow. The arrow barely misses Jessica.
Jessica is no longer moving quickly.
Jessica misses you. You furiously retaliate!
You headbutt Jessica. Jessica hits you but does no damage. Something hits you.
Jessica mumbles some strange words.
Jessica blinks!
You shoot an arrow.
You feel yourself speed up. Something completely misses you.
Jessica mumbles some strange words.
Jessica seems to speed up.
You shoot an arrow. The arrow barely misses Jessica.
Something hits you.
You shoot an arrow. The arrow barely misses Jessica.
Something hits you.
You shoot an arrow. The arrow barely misses Jessica.
Jessica gestures wildly while chanting.
Jessica blinks!
Jessica closely misses you.
You shoot an arrow.
The arrow hits Jessica but does no damage.
Jessica is lightly wounded.
Jessica closely misses you. Something hits you.
Jessica hits you with a +0 club.
You shoot an arrow. The arrow barely misses Jessica.
Jessica closely misses you. Something hits you!
* * * LOW HITPOINT WARNING * * *
Jessica hits you with a +0 club.
* * * LOW HITPOINT WARNING * * *
You are too injured to fight recklessly!
Jessica gestures at you while chanting. Pain shoots through your body!
You die...

..##...........#
..##...........#
..##...........#
..##...(.......#####
...................#
..#...#.....##.##{####
..#...#####.##.##.#..#
..#...# #.##.##.#..#
..##### #.##.#@@#..#
### #.##.#.##..# .
#.......#..# .
#.####..#..# # #.#
#.....#### # #.#
##.#.....# #.#
##.####.## #.#
#.......# #.#
######..#


You could see Jessica (fast).

Vanquished Creatures
  6 adders
  2 worms (D:2)
  4 dart slugs
  An orc (D:3)
  8 endoplasms
  2 giant cockroaches (D:1)
  A hobgoblin (D:1)
  A quokka (D:2)
  5 ball pythons
  6 bats
  4 frilled lizards
  5 goblins
  3 kobolds
  11 rats
59 creatures vanquished.

Notes
Turn   | Place    | Note
-------+----------+-------------------------------------------
     0 | D:1      | safid the Minotaur Hunter began the quest for the Orb.
     0 | D:1      | Reached XP level 1. HP: 18/18 MP: 0/0
   167 | D:1      | Reached XP level 2. HP: 26/26 MP: 1/1
   550 | D:1      | Reached skill level 5 in Ranged Weapons
   733 | D:1      | Reached XP level 3. HP: 31/31 MP: 2/2
  1042 | D:2      | Found a faded altar of an unknown god.
  1293 | D:2      | Reached XP level 4. HP: 40/40 MP: 3/3
  1993 | D:3      | Noticed Jessica
  1996 | D:3      | Noticed Sigmund
  2033 | D:3      | Killed from afar by Jessica

Illustrated notes

Levels and vault maps discovered:
D:1:      dpeg_arrival_central, layout_loops_corners, nrook_mini_vaults
D:2:      layout_loops_ring, hellmonk_ecumenical_altar_prayer_group,
          grunt_ministairs_9
D:3:      layout_basic, evilmike_ruin_ashenzari, uniq_jessica, uniq_sigmund,
          uniq_robin

Skill      XL: |  1  2  3 |
---------------+----------+-----
Fighting       | 3 4 |  4.6
Ranged Weapons | 5 |  5.7
Dodging        | |  2.1
Stealth        | |  0.7

Action                   |  1- 3 |  4- 6 || total
-------------------------+-------+-------++-------
 Fire: Shortbow          |   106 |    57 ||   163
Armor: Leather armour    |     6 |     6 ||    12
Dodge: Dodged            |    23 |    22 ||    45
